 Dungeon Crawl Stone Soup version 0.24.0-13-gcf9b319 (webtiles) character file.

Game seed: 12629231880347357511, levelgen mode: deterministic

97 shmeve the Skirmisher (level 4, -2/41 HPs)
             Began as a Minotaur Berserker on Apr 13, 2020.
             Was a Believer of Trog.
             Slain by a gnoll
             ... wielding a +0 flail
              (12 damage)
             ... while paralysed
             ... on level 2 of the Dungeon.
             The game lasted 00:02:16 (1740 turns).

shmeve the Skirmisher (Minotaur Berserker)          Turns: 1740, Time: 00:02:17

Health: -2/41      AC:  2    Str: 21    XL:     4   Next: 42%
Magic:  3/3        EV:  2    Int:  5    God:    Trog [**....]
Gold:   88         SH:  0    Dex: 10    Spells: 3/3 levels left

rFire    . . .     SeeInvis .   a - +0 hand axe
rCold    . . .     Gourm    .   (no shield)
rNeg     . . .     Faith    .   b - +0 animal skin
rPois    .         Spirit   .   (helmet restricted)
rElec    .         Reflect  .   (no cloak)
rCorr    .         Harm     .   (no gloves)
MR       .....                  (no boots)
Stlth    +.........             (no amulet)
HPRegen  0.13/turn              (no ring)
MPRegen  0.08/turn              (no ring)

@: paralysed, berserk cooldown, slowed
A: retaliatory headbutt, horns 2
a: Berserk, Trog's Hand, Renounce Religion


You were on level 2 of the Dungeon.
You worshipped Trog.
Trog was pleased with you.
You were very hungry.

You visited 1 branch of the dungeon, and saw 2 of its levels.

You collected 88 gold pieces.

Inventory:

Hand Weapons
 a - a +0 hand axe (weapon)
Armour
 b - a +0 animal skin (worn)
Jewellery
 d - a cursed amulet of the gourmand {unknown}
 l - an uncursed amulet of the acrobat {unknown}
Scrolls
 f - a scroll of amnesia {unknown}
 i - 7 scrolls of identify {unknown}
 m - a scroll of magic mapping {unknown}
Potions
 e - a potion of resistance {unknown}
 g - a potion of lignification {unknown}
 h - 3 potions of heal wounds {unknown}
 k - a potion of curing {unknown}
Comestibles
 c - 3 rations


   Skills:
 * Level 4.6 Fighting
 * Level 4.5 Axes
 + Level 1.2 Throwing
 + Level 3.1 Armour
 + Level 2.7 Dodging


You had 3 spell levels left.
You didn't know any spells.
Your spell library was empty.

Dungeon Overview and Level Annotations

Branches:
Dungeon (2/15)

Altars:


Innate Abilities, Weirdness & Mutations

You reflexively headbutt those who attack you in melee.
You have a pair of horns on your head.


Message History

You struggle against the net.
The gnoll hits you with a +0 club.
A red film seems to cover your vision as you go berserk!
You feel yourself moving faster!
You feel mighty!
You are feeling very hungry.
The hobgoblin shouts!
The gnoll hits you but does no damage.
You struggle against the net.
You feel a strong urge to attack something.
The gnoll hits you but does no damage.
You rip the net and break free!
You feel your anger nearly subside.
You are no longer berserk.
You pass out from exhaustion.
You feel yourself slow down. The gnoll hits you.
The gnoll hits you with a +0 flail. The gnoll hits you with a +0 halberd!
The gnoll hits you with a +0 club!
* * * LOW HITPOINT WARNING * * *
The gnoll hits you.
* * * LOW HITPOINT WARNING * * *
The gnoll hits you with a +0 flail!
You die...

#...# #.#####.##.########
##.## #.......##........#
#.# #############...####.#
#.###.###.....# ##..### .#
#.##...##.....# #....# .#
#.......#.....####.##.##.#
####...##..g..##.......#.#
##.###.ggg.##.........#
#.# #@####.......###
#.#####g........)..#
#.....######....(..#
#####..............#
#.....##.......# ##
#..#........##.# #.
#.....##.#####.# #.
##..####.#####.####.
#..####.....†...((.


You could see 4 gnolls and a hobgoblin.

Vanquished Creatures
  A gnoll (D:1)
  5 adders (D:2)
  3 dart slugs
  2 leopard geckos (D:1)
  A giant cockroach (D:2)
  5 goblins
  3 hobgoblins (D:1)
  5 kobolds
  2 quokkas (D:2)
  5 bats
  2 frilled lizards (D:1)
  3 rats (D:2)
37 creatures vanquished.

Notes
Turn   | Place    | Note
-------+----------+-------------------------------------------
     0 | D:1      | shmeve the Minotaur Berserker began the quest for the Orb.
     0 | D:1      | Reached XP level 1. HP: 19/19 MP: 0/0
   200 | D:1      | Reached XP level 2. HP: 16/27 MP: 1/1
   682 | D:1      | Reached XP level 3. HP: 29/33 MP: 2/2
   903 | D:2      | Reached skill level 1 in Throwing
  1354 | D:2      | Reached ** piety under Trog
  1354 | D:2      | Reached XP level 4. HP: 33/41 MP: 3/3
  1740 | D:2      | Slain by a gnoll

Levels and vault maps discovered:
D:1:      dpeg_arrival_tiny_d, layout_loops_cross, roderic_serpentine_path,
          chequers_serial_rivers_small_b
D:2:      layout_loops_cross, serial_bayou_ford_a

Skill      XL: |  1  2  3 |
---------------+----------+-----
Fighting       | 4 |  4.6
Axes           | 4 |  4.5
Throwing       | 1 |  1.2
Armour         | 3 |  3.1
Dodging        | |  2.7

Action                   |  1- 3 |  4- 6 || total
-------------------------+-------+-------++-------
Melee: Hand axe          |    72 |    22 ||    94
       Headbutt          |    10 |     1 ||    11
Invok: Berserk           |       |     1 ||     1
 Stab: Sleeping          |       |     1 ||     1
  Eat: Chunk             |     1 |     1 ||     2
Armor: Animal skin       |    16 |     7 ||    23
Dodge: Dodged            |    54 |    14 ||    68
